 Dungeon Crawl Stone Soup version 0.31-a0-1301-g7e11add784 (webtiles) character file.

Game seed: 17022287815549160446

1081 Bnni the Digger (level 8, -2/60 HPs)
             Began as a Formicid Earth Elementalist on Dec 19, 2023.
             Was a Follower of Cheibriados.
             Slain by a sixfirhy (3 damage)
             ... summoned by a kobold demonologist
             ... on level 5 of the Dungeon.
             The game lasted 00:10:34 (4278 turns).

Bnni the Digger (Formicid Earth Elementalist)       Turns: 4278, Time: 00:10:36

Health: -2/60      AC:  4    Str: 16    XL:     8   Next: 55%
Magic:  5/14       EV: 10    Int: 20    God:    Cheibriados [*.....]
Gold:   236        SH: 10    Dex: 17    Spells: 6/16 levels left

rFire   . . .        a - +2 spear (freeze)
rCold   + . .        C - +2 kite shield
rNeg    . . .        e - +0 leather armour {rC+}
rPois   +            (helmet unavailable)
rElec   .            (no cloak)
rCorr   +            (no gloves)
SInv    +            d - +0 pair of boots
Will    .....        (no amulet)
Stlth   ++           m - ring of poison resistance
HPRegen 0.30/turn    k - ring of resist corrosion
MPRegen 0.14/turn

%: no passive effects
@: very slow
A: permanent stasis, dig shafts and tunnels, antennae 3, four strong arms
a: Dig, Shaft Self, Renounce Religion, Bend Time


You were on level 5 of the Dungeon.
You worshipped Cheibriados.
Cheibriados was aware of your devotion.
You visited 1 branch of the dungeon, and saw 5 of its levels.

You collected 236 gold pieces.

Inventory:

Hand Weapons
 a - a +2 spear of freezing (weapon)
Armour
 d - a +0 pair of boots (worn)
 e - a +0 leather armour of cold resistance (worn)
 B - a +0 chain mail
 C - a +2 kite shield (worn)
Jewellery
 k - a ring of resist corrosion (right hand)
 m - a ring of poison resistance (left hand)
Wands
 q - a wand of iceblast (12)
Scrolls
 c - a scroll of enchant armour {unknown}
 f - a scroll of amnesia {unknown}
 g - a scroll of vulnerability {unknown}
 j - a scroll of identify
 l - a scroll of blinking {unknown}
 n - a scroll of fog {unknown}
 o - a scroll of enchant weapon {unknown}
 v - 5 scrolls of teleportation {unknown}
 w - a scroll of summoning {unknown}
 y - a scroll of acquirement {unknown}
Potions
 b - a potion of magic
 h - 2 potions of curing
 i - a potion of lignification {unknown}
 p - a potion of degeneration {unknown}
 r - 2 potions of attraction
 s - a potion of haste {unknown}
 t - 2 potions of ambrosia {unknown}
 u - a potion of resistance {unknown}
 x - a potion of brilliance {unknown}
 z - a potion of might {unknown}


   Skills:
 + Level 4.2 Fighting
 - Level 1.7 Dodging
 - Level 2.4 Stealth
 * Level 1.4 Shields
 + Level 4.5 Spellcasting
 * Level 3.0 Conjurations
 - Level 2.0 Transmutations
 * Level 7.6 Earth Magic
 + Level 2.8 Invocations


You had 6 spell levels left.
You knew the following spells:

 Your Spells              Type           Power      Damage    Failure   Level
a - Sandblast             Erth           70%        2d15      1%          1
b - Passwall              Tmut/Erth      19%        N/A       10%         2
c - Stone Arrow           Conj/Erth      52%        3d10      16%         3
d - Brom's Barrelling Bo  Conj/Erth      26%        2d5       45%         4

Your spell library contained the following spells:

 Spells                   Type           Power      Damage    Failure   Level
 Foxfire                  Conj/Fire      40%        2x1d6     26%         1
 Shock                    Conj/Air       40%        1d5       26%         1
 Petrify                  Tmut/Erth      23%        N/A       54%         4
 Airstrike                Air            2%         2d(1-17)  99%         4
 Plasma Beam              Fire/Air       2%         2x1d12    100%        6
 Starburst                Conj/Fire      5%         6d4       100%        6
 Swiftness                Air            Unusable   N/A       N/A         3

Dungeon Overview and Level Annotations

Branches:
Dungeon (5/15)             Temple (0/1) D:5

Altars:
Cheibriados
Dithmenos
Hepliaklqana
Kikubaaqudgha
Makhleb
Trog
Yredelemnul
The Shining One


Innate Abilities, Weirdness & Mutations

You cannot be hasted, slowed, berserked, paralysed or teleported.
You can dig through walls and to a lower floor.
You have a pair of large antennae on your head. (SInv)
Your four strong arms can wield two-handed weapons with a shield.


Message History

Aiming: Sandblast (safe; 2% risk of failure)
Press: ? - help, Shift-Dir - straight line, f/p - wight
Aim: a wight, wielding a +3 falchion and wearing a +0 robe (84% to hit)
The blast of sand hits the scorpion!
You kill the scorpion!
Cheibriados appreciates the change of pace.
The adder closely misses you. The gnoll hits you but does no damage.
Your Conjurations skill increases to level 3!
Unknown command.
You block the adder's attack.
Unknown command.
Casting: Sandblast (safe; 1% risk of failure)
Confirm with . or Enter, or press ? or * to list all spells.
Aiming: Sandblast (safe; 1% risk of failure)
Press: ? - help, Shift-Dir - straight line, f - kobold demonologist, p - wight
Aim: a kobold demonologist, wielding a +0 dagger and wearing a +0 robe (78% to hit)
The blast of sand hits the adder!!
You kill the adder!
Cheibriados appreciates the change of pace.
The kobold demonologist casts a spell.
The wight hits you with a +3 falchion!
The gnoll hits you from afar with a +0 spear.
Your magical contamination has completely faded away.
Unknown command.
Casting: Sandblast (safe; 1% risk of failure)
Confirm with . or Enter, or press ? or * to list all spells.
Aiming: Sandblast (safe; 1% risk of failure)
Press: ? - help, Shift-Dir - straight line, f/p - kobold demonologist
Aim: a kobold demonologist, wielding a +0 dagger and wearing a +0 robe (78% to hit)
The blast of sand hits the wight!
The wight is heavily damaged.
You block the wight's attack.
Unknown command.
The sixfirhy hits you!
* * * LOW HITPOINT WARNING * * *
The sixfirhy shocks you!
* * * LOW HITPOINT WARNING * * *
The sixfirhy hits you but does no damage.
The sixfirhy hits you.
You die...

#.........# ########......####...
#.........###...............#....
#.......<..##.####.....####......
............#.#[.##...## #......
..............#...##.##{ {#......
..##..........##Ks.#.# ##......
....########...##.'#.#+{##..#.###
.....## #....###...###.....#
......### ##....@3zK8........##
........###.....###...###...##
.........##>#..##,'#.#+{##..#
............#.## ,z#.# ##.#
............#.# .##.## #.#
...........##.# ##...##{ #.#
...........#..####.....####.#
............................#
..........#...)........######


You could see a kobold demonologist, a sixfirhy (summoned) and a wight.

Vanquished Creatures
  An orc warrior (D:5)
  A black bear (D:4)
  2 ogres (D:5)
  A phantom (D:4)
  Blork the orc (D:4)
  A scorpion (D:5)
  A howler monkey (D:5)
  3 hounds (D:5)
  A jelly (D:5)
  3 iguanas
  2 orc wizards
  3 gnolls (D:4)
  10 adders
  4 ufetubi (D:5)
  A worm (D:4)
  3 dart slugs
  20 orcs
  5 ball pythons
  7 bats
  6 endoplasms
  6 giant cockroaches
  4 goblins
  7 hobgoblins
  2 jackals (D:1)
  3 quokkas
  7 frilled lizards
  4 kobolds
  6 rats
115 creatures vanquished.

Notes
Turn   | Place    | Note
-------+----------+-------------------------------------------
     0 | D:1      | Bnni the Formicid Earth Elementalist began the quest for
                  | the Orb.
     0 | D:1      | Reached XP level 1. HP: 13/13 MP: 3/3
   210 | D:1      | Reached XP level 2. HP: 20/20 MP: 3/5
   228 | D:1      | Reached skill level 4 in Earth Magic
   308 | D:1      | Learned a level 2 spell: Passwall
   416 | D:1      | Reached XP level 3. HP: 25/25 MP: 6/6
   562 | D:1      | Reached skill level 1 in Fighting
   862 | D:2      | Reached XP level 4. HP: 32/32 MP: 3/8
  1648 | D:3      | Reached XP level 5. HP: 38/38 MP: 6/9
  1657 | D:3      | Reached skill level 5 in Earth Magic
  2078 | D:3      | Learned a level 3 spell: Stone Arrow
  2083 | D:3      | Learned a level 4 spell: Brom's Barrelling Boulder
  2084 | D:4      | Noticed a black bear
  2088 | D:4      | Killed a black bear
  2089 | D:4      | Reached skill level 1 in Conjurations
  2089 | D:4      | Reached XP level 6. HP: 46/46 MP: 7/10
  2121 | D:4      | Found an ancient bone altar of Kikubaaqudgha.
  2143 | D:4      | Found the +2 hat of the Bear Spirit {Spirit, Bear, *Rage
                  | Will++}
  2344 | D:4      | Reached skill level 6 in Earth Magic
  2421 | D:4      | Found a glowing golden altar of the Shining One.
  2463 | D:4      | Found a bloodstained altar of Trog.
  2464 | D:4      | Found a basalt altar of Yredelemnul.
  2464 | D:4      | Found a snail-covered altar of Cheibriados.
  2491 | D:4      | Became a worshipper of Cheibriados the Contemplative
  2576 | D:4      | Reached XP level 7. HP: 45/51 MP: 9/12
  2602 | D:4      | Found a burning altar of Makhleb.
  2708 | D:4      | Noticed Blork the orc
  2714 | D:4      | Killed Blork the orc
  2823 | D:4      | Reached skill level 1 in Invocations
  3172 | D:4      | Found a shadowy altar of Dithmenos.
  3187 | D:5      | Entered Level 5 of the Dungeon
  3486 | D:5      | Reached skill level 7 in Earth Magic
  3536 | D:5      | Found a staircase to the Ecumenical Temple.
  3556 | D:5      | Reached * piety under Cheibriados
  3557 | D:5      | Reached XP level 8. HP: 59/60 MP: 11/14
  4151 | D:5      | Found a hazy altar of Hepliaklqana.
  4151 | D:5      | Found a faded altar of an unknown god.
  4256 | D:5      | Noticed a kobold demonologist
  4270 | D:5      | Reached skill level 1 in Shields
  4277 | D:5      | Noticed a sixfirhy
  4278 | D:5      | HP: 1/60 [sixfirhy[a kobold demonologist] (12)]
  4278 | D:5      | Slain by a sixfirhy

Illustrated notes

Levels and vault maps discovered:
D:1:      amcnicky_arrival_wind_blow, layout_basic, item_on_display_a
D:2:      layout_basic, minmay_misc_feat_encased
D:3:      layout_rooms, chequers_jeans
D:4:      layout_rooms, nicolae_overflow_hidden_temple, marbit_many_paths,
          tso_oasis_becter, chequers_temple_overflow_statue_of_worship,
          kiku_gazebo_pond_becter, uniq_blork_the_orc
D:5:      cheibrodos_barr_body, layout_cave_pods,
          beargit_hepliaklqana_dungeon_heroes, minmay_temple_entry_antechambers

Skill      XL: |  1  2  3  4  5  6  7  8 |
---------------+-------------------------+-----
Earth Magic    | 4 5 6 7 |  7.6
Fighting       | 1 2 3 4 |  4.2
Transmutations | 2 |  2.0
Spellcasting   | 3 4 |  4.5
Conjurations   | 1 2 3 |  3.0
Invocations    | 2 |  2.8
Shields        | 1 |  1.4
Dodging        | |  1.7
Stealth        | |  2.4

Action                     |  1- 3 |  4- 6 |  7- 9 || total
---------------------------+-------+-------+-------++-------
  Melee: Unarmed           |     2 |       |       ||     2
         Spear             |       |       |    62 ||    62
   Fire: Orcbow            |    66 |   111 |    14 ||   191
   Cast: Sandblast         |    13 |    25 |    45 ||    83
         Stone Arrow       |       |       |     3 ||     3
Ability: Dig               |       |       |     3 ||     3
         Shaft Self        |       |       |     1 ||     1
    Use: Scroll            |       |     2 |       ||     2
   Stab: Distracted        |       |       |     1 ||     1
 Armour: Robe              |    27 |    31 |     3 ||    61
         Leather armour    |       |       |    97 ||    97
  Dodge: Dodged            |    21 |    46 |    69 ||   136
  Block: Kite shield       |       |       |    10 ||    10

Table legend: (Time is in decaauts)
 A = Elapsed time spent in this place.
 B = Non-inter-level travel time spent in this place.
 C = Inter-level travel time spent in this place.
 D = Time resting spent in this place.
 E = Time spent auto-exploring this place.
 F = Levels seen in this place.
 G = Mean time per level.
                   A        B        C        D        E       F      G
               +--------+--------+--------+--------+--------+-----+--------+
         Total |   4746 |   4648 |     98 |      0 |   3710 |   5 |  949.2 |
       Dungeon |   4746 |   4648 |     98 |      0 |   3710 |   5 |  949.2 |
               +--------+--------+--------+--------+--------+-----+--------+

Top non-repeatable levels by time:
     D:5: 1344 daAuts
     D:4: 1245 daAuts
     D:2: 826 daAuts
     D:1: 792 daAuts
     D:3: 537 daAuts
